 Dungeon Crawl Stone Soup version 0.21-a0-265-gb353147 (webtiles) character file.

70 Monsterracer the Skirmisher (level 4, -5/37 HPs)
             Began as a Barachi Fighter on Sept 12, 2017.
             Slain by a gnoll sergeant
             ... wielding a +0 spear
              (8 damage)
             ... on level 1 of the Dungeon.
             The game lasted 00:02:26 (1831 turns).

Monsterracer the Skirmisher (Barachi Fighter)       Turns: 1831, Time: 00:02:27

Health: -5/37      AC:  8    Str: 19    XL:     4   Next: 22%
Magic:  4/4        EV:  8    Int:  8    God:
Gold:   40         SH:  9    Dex: 11    Spells: 3/3 levels left

rFire    . . .     SeeInvis .   a - +0 long sword
rCold    . . .     Gourm    .   c - +0 shield
rNeg     . . .     Faith    .   b - +0 scale mail
rPois    .         Spirit   .   (no helmet)
rElec    .         Reflect  .   (no cloak)
rCorr    .         Harm     .   l - +0 pair of gloves
MR       .....                  (no boots)
Stlth    ..........             (no amulet)
HPRegen  0.12/turn              h - ring of wizardry
MPRegen  0.09/turn              (no ring)

@: slow
A: +LOS, swims, deterioration 1, slowness 1, sturdy frame 1, strong legs 1
a: Hop


You were on level 1 of the Dungeon.
You were hungry.

You visited 1 branch of the dungeon, and saw 3 of its levels.

You collected 40 gold pieces.

Inventory:

Hand Weapons
 a - a +0 long sword (weapon)
Armour
 b - a +0 scale mail (worn)
 c - a +0 shield (worn)
 l - a +0 pair of gloves (worn)
Jewellery
 h - a ring of wizardry (left hand)
Scrolls
 e - 2 scrolls of identify {unknown}
 i - a scroll of fear {unknown}
 j - a scroll of amnesia {unknown}
 k - a scroll of enchant weapon {unknown}
Potions
 d - 3 potions of might
Comestibles
 f - a bread ration
 n - 4 fruits


   Skills:
 + Level 4.2 Fighting
 * Level 3.6 Long Blades
 + Level 4.1 Armour
 + Level 0.9 Dodging
 + Level 3.7 Shields


You had 3 spell levels left.
You didn't know any spells.

Dungeon Overview and Level Annotations

Branches:
Dungeon (3/15)

Altars:
The Shining One


Innate Abilities, Weirdness & Mutations

Shadows flee at your approach. (+LOS)
You can swim through water.
You cover ground slowly.
You can hop short distances.
Your body sometimes deteriorates upon taking damage.
Your movements are slightly less encumbered by armour. (ER -2)


Message History

The gnoll sergeant barely misses you.
You riposte.
You hit the gnoll sergeant.
The gnoll sergeant is heavily wounded.
The gnoll sergeant blocks your attack.
The gnoll sergeant is heavily wounded.
The gnoll sergeant barely misses you.
You riposte.
You hit the gnoll sergeant.
The gnoll sergeant is severely wounded.
Your shield and scale mail prevent you from hitting the gnoll sergeant.
The gnoll sergeant is severely wounded.
The gnoll sergeant hits you but does no damage.
You block the gnoll sergeant's attack.
You barely miss the gnoll sergeant.
The gnoll sergeant is severely wounded.
The gnoll sergeant hits you but does no damage.
Your scale mail prevents you from hitting the gnoll sergeant.
The gnoll sergeant is severely wounded.
The gnoll sergeant hits you but does no damage.
You barely miss the gnoll sergeant.
The gnoll sergeant is severely wounded.
The gnoll sergeant hits you with a spear!
You die...

##### #####################
##...# #............##.....##
#.....
#..#########@#.......###..⌠..
##.## #.g........##..... #..#
#..........###...# ##.#
#.)).......# ##'## #.#
#..........# #..# #.#
##..........# ##.. #.##
####..........## ###
#..###).............# #
#..[.)†###..........#


You could see a gnoll sergeant.

Vanquished Creatures
  2 oozes (D:2)
  2 worms (D:2)
  2 dart slugs
  2 leopard geckos
  3 giant cockroaches
  7 goblins
  9 hobgoblins
  4 jackals (D:2)
  3 kobolds (D:2)
  A quokka (D:2)
  A ball python (D:1)
  3 bats
  4 rats (D:1)
43 creatures vanquished.

Notes
Turn   | Place    | Note
-------+----------+-------------------------------------------
     0 | D:1      | Monsterracer the Barachi Fighter began the quest for the Orb.
     0 | D:1      | Reached XP level 1. HP: 18/18 MP: 1/1
   133 | D:1      | Reached XP level 2. HP: 25/25 MP: 2/2
   512 | D:1      | Reached XP level 3. HP: 30/30 MP: 3/3
  1066 | D:2      | Found a glowing golden altar of the Shining One.
  1177 | D:2      | Reached XP level 4. HP: 37/37 MP: 4/4
  1551 | D:3      | Noticed a gnoll sergeant
  1560 | D:3      | HP: 10/37 [gnoll sergeant/spear (11)]
  1813 | D:2      | HP: 15/37 [gnoll sergeant/spear (5)]
  1820 | D:1      | HP: 14/37 [gnoll sergeant/spear (1)]
  1825 | D:1      | HP: 2/37 [gnoll sergeant/spear (6)]
  1826 | D:1      | Gained mutation: Your body sometimes deteriorates upon taking damage. [potion of mutation]
  1826 | D:1      | Gained mutation: Your movements are slightly less encumbered by armour. (ER -2) [potion of mutation]
  1831 | D:1      | Slain by a gnoll sergeant

Vault maps used:
D:1:      minmay_arrival_split_and_join
D:2:      nicolae_tso_swordbearing_angel
D:3:      minmay_divided_ellipse

Skill      XL: |  1  2  3 |
---------------+----------+-----
Fighting       | 4 |  4.2
Armour         | 4 |  4.1
Long Blades    | 3 |  3.6
Dodging        | |  0.9
Shields        | |  3.7

Action                   |  1- 3 |  4- 6 || total
-------------------------+-------+-------++-------
Melee: Long sword        |   118 |    43 ||   161
 Abil: Hop               |       |     1 ||     1
  Use: Potion            |       |     1 ||     1
  Eat: Chunk             |     2 |     1 ||     3
Armor: Scale mail        |    64 |    16 ||    80
Dodge: Dodged            |    41 |    19 ||    60
Block: Shield            |    68 |    27 ||    95
       Rpst.: Long sword |    15 |     7 ||    22

Table legend:
 A = Spawn XP
 B = Non-spawn XP
 C = Spawn XP percentage of total XP
 D = Spawn monster count
 E = Non-spawn monster count
 F = Spawn count percentage of total count
 G = Total turns spent on level
                    A         B        C        D         E        F      G
               +---------+---------+-------+---------+---------+-------+---------
         Total |       0 |     101 |   0.0 |       0 |      43 |   0.0 |  1831
               +---------+---------+-------+---------+---------+-------+---------
           D:1 |       0 |      41 |   0.0 |       0 |      22 |   0.0 |   805
           D:2 |       0 |      60 |   0.0 |       0 |      21 |   0.0 |  1014
               +---------+---------+-------+---------+---------+-------+---------
